 Dungeon Crawl Stone Soup version 0.26.1-11-gd32895ea62 (webtiles) character file.

Game seed: 14664052346692475899

891 Almogavar the Magician (level 7, -3/32 HPs)
             Began as a Spriggan Conjurer on June 16, 2021.
             Slain by Duvessa
             ... wielding a +4 short sword of freezing
              (5 damage)
             ... on level 5 of the Dungeon.
             The game lasted 00:15:29 (5077 turns).

Almogavar the Magician (Spriggan Conjurer)          Turns: 5077, Time: 00:15:31

Health: -3/32      AC:  5    Str:  4    XL:     7   Next: 78%
Magic:  1/17       EV: 22    Int: 21    God:
Gold:   225        SH:  0    Dex: 14    Spells: 12/19 levels left

rFire    + . .     SeeInvis +   p - +6 rapier
rCold    . . .     Faith    .   (shield restricted)
rNeg     . . .     Spirit   .   a - +0 robe
rPois    .         Reflect  .   (helmet restricted)
rElec    .         Harm     .   v - +2 cloak
rCorr    .         Rampage  .   (gloves unavailable)
Will     +....                  (boots unavailable)
Stlth    +++.......             (no amulet)
HPRegen  0.10/turn              f - +4 ring of evasion
MPRegen  0.15/turn              h - ring of protection from fire

@: lethally poisoned (-3 -> -10), very quick
A: very small, unfitting armour, see invisible, speed 3
a: no special abilities


You were on level 5 of the Dungeon.
You visited 1 branch of the dungeon, and saw 5 of its levels.

You collected 225 gold pieces.

Inventory:

Hand Weapons
 p - a +6 rapier (weapon)
Armour
 a - a +0 robe (worn)
 v - a +2 cloak (worn)
Jewellery
 f - a +4 ring of evasion (left hand)
 h - a ring of protection from fire (right hand)
 t - an uncursed ring of fire
Wands
 n - a wand of iceblast (8)
 u - a wand of digging (5)
Scrolls
 d - 8 scrolls of remove curse
 g - a scroll of blinking
 k - a scroll of enchant armour
 l - 4 scrolls of teleportation
 q - a scroll of amnesia {unknown}
 s - a scroll of enchant weapon {unknown}
 w - a scroll of fog {unknown}
Potions
 b - a potion of magic
 c - a potion of flight
 e - a potion of curing
 i - 2 potions of brilliance
 m - a potion of ambrosia
 o - a potion of might {unknown}
 r - 2 potions of attraction {unknown}


   Skills:
 + Level 0.1 Short Blades
 + Level 3.4 Dodging
 + Level 4.4 Stealth
 + Level 6.6 Spellcasting
 + Level 5.6 Conjurations
 * Level 3.7 Translocations


You had 12 spell levels left.
You knew the following spells:

 Your Spells              Type           Power        Failure   Level
a - Magic Dart            Conj           100%         1%          1
b - Searing Ray           Conj           60%          1%          2
c - Iskenderun's Mystic   Conj/Tloc      26%          14%         4

Your spell library contained the following spells:

 Spells                   Type           Power        Failure   Level
 Dazzling Flash           Conj/Hex       36%          9%          3
 Fulminant Prism          Conj/Hex       9%           28%         4


Dungeon Overview and Level Annotations

Branches:
Dungeon (5/15)
 Temple: D:4-7

Altars:
Hepliaklqana
Qazlal
Ru

Shops:
D:4 [

Annotations:
D:5 Duvessa


Innate Abilities, Weirdness & Mutations

You are very small and have problems with some larger weapons.
You are too small for most types of armour.
You have supernaturally acute eyesight. (SInv)
You cover ground extremely quickly.


Message History

(Press . to maintain the ray.)
You feel sick.
Duvessa hits you with a +4 short sword of freezing.
* * * LOW HITPOINT WARNING * * *
Duvessa freezes you.
* * * LOW HITPOINT WARNING * * *
The searing ray misses Duvessa.
The searing ray hits the hound!
You kill the hound!
* * * LOW HITPOINT WARNING * * *
You feel sick. Duvessa closely misses you. Duvessa hits you but does no damage.
The searing ray hits Duvessa!
Duvessa is severely wounded.
Duvessa completely misses you.
The searing ray hits Duvessa.
Duvessa is almost dead.
You finish channeling your searing ray.
* * * LOW HITPOINT WARNING * * *
You feel sick.
Duvessa hits you with a +4 short sword of freezing.
You die...

.. #. #. ### #. ..# #.
#.# #† #.#
###.##e#########.#######
....!..@................
.......................#
###..).......#.#..######
#.########.#.#..# # #
#.#.#..## #
#.#.#...#####
#.........<##
#.#.#......##
#.#.###.##.##


You could see Duvessa (berserk).

Vanquished Creatures
  An ice beast (D:5)
  2 ogres
  The ghost of vvl the Changer, an amateur DrTm (D:4)
  A scorpion (D:4)
  Dowan (D:5)
  An orc priest (D:4)
  2 hounds
  A water moccasin simulacrum (D:4)
  Crazy Yiuf (D:4)
  An iguana (D:4)
  2 orc wizards (D:4)
  2 worker ants (D:4)
  2 bullfrog simulacra (D:4)
  A centaur simulacrum (D:4)
  A howler monkey skeleton (D:3)
  2 adders
  A hound simulacrum (D:4)
  A white imp (D:4)
  5 worms
  3 leopard geckos
  8 orcs
  3 bats
  2 giant cockroaches
  5 goblins
  6 hobgoblins
  2 quokkas
  A ball python (D:1)
  3 frilled lizards
  6 kobolds
  A leopard gecko skeleton (D:4)
  A quokka skeleton (D:4)
  5 rats
75 creatures vanquished.

Notes
Turn   | Place    | Note
-------+----------+-------------------------------------------
     0 | D:1      | Almogavar the Spriggan Conjurer began the quest for the
                  | Orb.
     0 | D:1      | Reached XP level 1. HP: 9/9 MP: 5/5
   440 | D:1      | Reached XP level 2. HP: 13/13 MP: 3/6
   444 | D:1      | Learned a level 2 spell: Searing Ray
  1113 | D:2      | Found a sacrificial altar of Ru.
  1149 | D:2      | Reached skill level 3 in Spellcasting
  1149 | D:2      | Reached XP level 3. HP: 16/16 MP: 1/8
  1409 | D:2      | Noticed an ogre
  1417 | D:2      | Killed an ogre
  1418 | D:2      | Reached XP level 4. HP: 21/21 MP: 2/10
  2027 | D:2      | Found a hazy altar of Hepliaklqana.
  2263 | D:3      | Reached XP level 5. HP: 24/24 MP: 2/11
  2446 | D:3      | Found a stormy altar of Qazlal.
  3193 | D:4      | Reached skill level 4 in Spellcasting
  3241 | D:4      | Learned a level 4 spell: Iskenderun's Mystic Blast
  3381 | D:4      | Reached skill level 1 in Translocations
  3381 | D:4      | Reached XP level 6. HP: 28/28 MP: 7/13
  3556 | D:4      | Found a runed translucent gate.
  3556 | D:4      | Found a runed translucent gate.
  3556 | D:4      | Found a runed translucent gate.
  3681 | D:4      | Reached skill level 5 in Spellcasting
  3683 | D:4      | Reached skill level 5 in Conjurations
  4050 | D:4      | Found a sacrificial altar of Ru.
  4096 | D:4      | Found Iruescha's Armour Shop.
  4132 | D:4      | Found a runed translucent door.
  4133 | D:4      | Noticed Crazy Yiuf
  4171 | D:4      | Noticed vvl's ghost (amateur DrTm)
  4596 | D:4      | Reached XP level 7. HP: 32/32 MP: 11/16
  4603 | D:4      | Reached skill level 6 in Spellcasting
  4604 | D:4      | Killed vvl's ghost
  4796 | D:4      | Killed Crazy Yiuf
  4870 | D:5      | Entered Level 5 of the Dungeon
  5062 | D:5      | Noticed Duvessa
  5062 | D:5      | Noticed Dowan
  5069 | D:5      | Killed Dowan
  5077 | D:5      | Slain by Duvessa

Illustrated notes

Levels and vault maps discovered:
D:1:      minmay_arrival_shoal_huts, layout_basic, nrook_campfire
D:2:      layout_basic, nzn_hepliaklqana_mist_gate,
          nicolae_ru_sacrificial_ziggurat
D:3:      layout_rooms, grunt_qazlal_sundering
D:4:      layout_layer_cave, general_overflow_altar, gammafunk_ghost_icy,
          serial_shops, shop, minmay_misc_feat_columns, uniq_crazy_yiuf_cottage
D:5:      layout_basic, fedhas_altar_1, uniq_duvessa

Skill      XL: |  1  2  3  4  5  6  7 |
---------------+----------------------+-----
Conjurations   | 3 4 5 |  5.6
Spellcasting   | 3 4 5 6 |  6.6
Translocations | 1 2 3 |  3.7
Stealth        | 4 |  4.4
Short Blades   | |  0.1
Dodging        | |  3.4

Action                   |  1- 3 |  4- 6 |  7- 9 || total
-------------------------+-------+-------+-------++-------
Melee: Rapier            |       |       |     4 ||     4
 Cast: Magic Dart        |    42 |    45 |     1 ||    88
       Searing Ray       |     4 |    29 |    10 ||    43
  Use: Scroll            |     6 |     5 |     1 ||    12
       Potion            |       |       |     1 ||     1
Armor: Robe              |       |       |     2 ||     2
Dodge: Dodged            |     4 |     6 |    12 ||    22
